 Dungeon Crawl Stone Soup version 0.26-a0-808-g930a2b7adc (webtiles) character file.

Game seed: 8815015787169354485

12537 Morbidden the Thaumaturge (level 11, -7/83 HPs)
             Began as a Demonspawn Conjurer on Nov 12, 2020.
             Was an Elder of Vehumet.
             Mangled by a tengu warrior
             ... wielding a +2 glaive
              (15 damage)
             ... on level 12 of the Dungeon.
             The game lasted 00:30:54 (17936 turns).

Morbidden the Thaumaturge (Demonspawn Conjurer)    Turns: 17936, Time: 00:30:56

Health: -7/83      AC:  6    Str:  9    XL:     11   Next: 63%
Magic:  0/34       EV: 13    Int: 22    God:    Vehumet [****..]
Gold:   616        SH:  5    Dex: 11    Spells: 17/30 levels left

rFire    . . .     SeeInvis .   O - +1 lajatang
rCold    . . .     Faith    .   (shield currently unavailable)
rNeg     . . .     Spirit   +   i - +2 animal skin
rPois    .         Reflect  +   (helmet restricted)
rElec    .         Harm     .   r - +0 cloak
rCorr    .         Rampage  .   (no gloves)
MR       .....                  (no boots)
Stlth    +.........             j - amulet of reflection
HPRegen  0.23/turn              C - ring of wizardry
MPRegen  0.24/turn              A - ring of magical power

@: hasted (expiring), slow
A: horns 1, powered by death 2, magic shield, sharp scales 1
a: Renounce Religion


You were on level 12 of the Dungeon.
You worshipped Vehumet.
Vehumet was greatly pleased with you.
You visited 1 branch of the dungeon, and saw 12 of its levels.
You also visited: Sewer and Ossuary.

You collected 616 gold pieces.

Inventory:

Hand Weapons
 O - a +1 lajatang (weapon)
Missiles
 q - 34 poisoned darts
 I - a throwing net
 Q - 9 curare-tipped darts (quivered)
Armour
 i - a +2 animal skin (worn)
 r - a +0 cloak (worn)
Jewellery
 a - an uncursed ring of wizardry
 j - an amulet of reflection (around neck)
 y - an uncursed ring of protection from fire
 A - a ring of magical power (right hand)
 C - a ring of wizardry (left hand)
 J - a +4 ring of protection
 T - an uncursed ring of protection from magic
Wands
 m - a wand of disintegration (6)
 u - a wand of enslavement (24)
 E - a wand of acid (2)
 M - a wand of polymorph (11)
 P - a wand of flame (19)
 S - a wand of digging (6)
Scrolls
 b - 8 scrolls of identify
 c - 7 scrolls of remove curse
 d - 3 scrolls of immolation
 g - 2 scrolls of enchant weapon
 k - 3 scrolls of amnesia
 l - 6 scrolls of teleportation
 n - 4 scrolls of fog
 t - 2 scrolls of enchant armour {unknown}
 B - a scroll of silence {unknown}
 D - a scroll of fear {unknown}
 F - 2 scrolls of holy word {unknown}
 H - a scroll of random uselessness {unknown}
 L - a scroll of blinking {unknown}
 N - a scroll of noise {unknown}
Potions
 e - a potion of flight
 f - 8 potions of curing
 h - 5 potions of haste
 o - a potion of magic
 p - a potion of degeneration {unknown}
 s - 5 potions of might {unknown}
 w - 7 potions of heal wounds
 x - 3 potions of brilliance {unknown}
 z - 2 potions of berserk rage {unknown}
 G - 2 potions of ambrosia {unknown}
 K - a potion of invisibility {unknown}


   Skills:
 * Level 6.9 Fighting
   Level 2.3 Short Blades
 * Level 1.7 Staves
 + Level 4.3 Dodging
 + Level 3.5 Stealth
 * Level 10.2 Spellcasting
 * Level 10.0 Conjurations
 + Level 5.0 Translocations
 * Level 4.6 Air Magic
 + Level 0.1 Evocations


You had 17 spell levels left.
You knew the following spells:

 Your Spells              Type           Power        Failure   Level
a - Airstrike             Air            ####......   1%          4
b - Iskenderun's Mystic   Conj/Tloc      #####...     1%          4
c - Magic Dart            Conj           ####         1%          1
d - Swiftness             Air            ####....     1%          2
z - Searing Ray           Conj           ######       1%          2

Your spell library contained the following spells:

 Spells                   Type           Power        Failure   Level
 Sticky Flame             Conj/Fire      ####....     1%          4
 Sandblast                Erth           ##....       1%          1
 Poisonous Vapours        Pois/Air       ###...       1%          2
 Dazzling Flash           Conj/Hex       ####..       1%          3
 Gell's Gravitas          Tloc           ####......   1%          3
 Stone Arrow              Conj/Erth      ####..       1%          3
 Fulminant Prism          Conj/Hex       ####......   1%          4
 Passwall                 Tmut/Erth      ##......     3%          2
 Confusing Touch          Hex            ##......     8%          3
 Lee's Rapid Deconstruct  Erth           ##........   17%         5
 Yara's Violent Unravell  Hex/Tmut       ##........   17%         5
 Petrify                  Tmut/Erth      ##......     24%         4
 Metabolic Englaciation   Hex/Ice        ##........   52%         5
 Summon Hydra             Summ           ##........   100%        7
 Tornado                  Air            ####......   100%        9


Dungeon Overview and Level Annotations

Branches:
Dungeon (12/15)            Temple (0/1) D:5            Lair (0/6) D:11
    Orc (0/2) D:10          Sewer (visited)         Ossuary (visited)

Altars:
Cheibriados
Dithmenos
Gozag
Kikubaaqudgha
Nemelex Xobeh
Okawaru
Qazlal
Ru
Trog
Uskayaw
Vehumet
Wu Jian
The Shining One

Shops:
D:11 (

Portals:
Bailey: D:12

Annotations:
D:12 Jorgrun


Innate Abilities, Weirdness & Mutations

You have a pair of small horns on your head.
You regenerate health from kills.
When hurt, damage is shared between your health and your magic reserves.
You are partially covered in razor-sharp scales. (AC +1, Slay +1)


Message History

Your unstable footing causes you to fumble your attack.
Something hits you but does no damage. You block the tengu warrior's attack.
You block the goblin's attack.
Your unstable footing causes you to fumble your attack.
Something hits you!
* * * LOW HITPOINT WARNING * * *
The goblin splashes around in the water.
Your unstable footing causes you to fumble your attack.
Something hits you but does no damage. Something hits you!
* * * LOW HITPOINT WARNING * * *
You block the goblin's attack. The goblin hits you with a +0 hand axe.
* * * LOW HITPOINT WARNING * * *
The tengu warrior misses you.
You hit the goblin.
The goblin is heavily wounded.
Your extra speed is starting to run out.
Something hits you but does no damage. The goblin barely misses you.
The goblin splashes around in the water.
The tengu warrior hits you from afar with a +2 glaive!
You die...

*.....###.....#≈,,,
###..#* #.....#≈≈,,
###* ##....#≈≈≈,
###.##≈≈≈≈
##########...#*≈≈≈≈
#.........Q..##≈≈≈≈
#.≈≈≈≈≈≈≈.....#####
#.≈#####≈..........
##.@#...#≈....).....
#..gg$∩.#≈$...##..#.
#.Q≈#...#≈..###*###*
#..≈#####≈..# *
#..≈≈≈≈≈≈≈..#
#...........#
#.....$.....#
#############


You could see a tengu warrior and 2 goblins.

Vanquished Creatures
  Sonja (D:10)
  Pikel (D:3)
  3 unseen horrors
  A kobold demonologist (D:7)
  A troll (D:11)
  Sigmund (D:4)
  13 yaks
  Grum (D:10)
  4 water moccasins (D:11)
  4 orc warriors
  An ice beast (D:7)
  An eye of draining (D:11)
  3 sky beasts
  5 phantoms
  A necrophage (D:6)
  6 ogres
  3 black bears
  3 wolves (D:10)
  8 centaurs
  4 lemures
  3 big kobolds
  14 bullfrogs
  A wyvern skeleton (D:10)
  6 scorpions
  A water moccasin skeleton (D:10)
  4 killer bees (D:7)
  3 wights (D:8)
  An electric eel (D:9)
  3 howler monkeys (D:10)
  A quasit (D:8)
  4 centaur zombies
  2 bullfrog zombies
  9 hounds
  3 jellies
  3 orc priests
  9 orc wizards
  3 bullfrog skeletons
  An iguana (D:6)
  Natasha (D:4)
  13 worker ants
  2 big kobold zombies (Ossuary)
  2 hound zombies
  5 mummies (Ossuary)
  2 hound skeletons
  7 gnolls
  A howler monkey skeleton (D:9)
  15 adders
  A shadow imp (D:7)
  4 white imps
  3 oozes
  An adder zombie (D:5)
  An adder skeleton (D:4)
  4 worms
  A dart slug (D:2)
  9 leopard geckos
  26 orcs
  7 bats
  9 giant cockroaches
  8 goblins
  5 hobgoblins
  12 jackals
  27 kobolds
  6 quokkas
  5 ball pythons
  7 frilled lizards
  4 hobgoblin zombies (Ossuary)
  A leopard gecko skeleton (D:3)
  9 rats
334 creatures vanquished.

Vanquished Creatures (others)
  32 fungi (D:11)
  37 plants (D:11)
69 creatures vanquished.

Grand Total: 403 creatures vanquished

Notes
Turn   | Place    | Note
-------+----------+-------------------------------------------
     0 | D:1      | Morbidden the Demonspawn Conjurer began the quest for the
                  | Orb.
     0 | D:1      | Reached XP level 1. HP: 13/13 MP: 3/3
   317 | D:1      | Gained mutation: You have a pair of small horns on your
                  | head. [demonic ancestry]
   317 | D:1      | Reached XP level 2. HP: 19/19 MP: 3/5
  1193 | D:1      | Learned a level 2 spell: Searing Ray
  1221 | D:2      | Reached XP level 3. HP: 25/25 MP: 3/6
  1418 | D:2      | Reached skill level 1 in Fighting
  1468 | D:2      | Found a radiant altar of Vehumet.
  1478 | D:2      | Became a worshipper of Vehumet
  1987 | D:2      | Found an ornate altar of the Wu Jian Council.
  2151 | D:2      | Found a hide-covered altar of Uskayaw.
  2151 | D:2      | Found an iron altar of Okawaru.
  2276 | D:3      | Found a faded altar of an unknown god.
  2295 | D:3      | Reached XP level 4. HP: 17/32 MP: 1/7
  2632 | D:3      | Found a shadowy altar of Dithmenos.
  2658 | D:3      | Found a sacrificial altar of Ru.
  2660 | D:3      | Reached skill level 5 in Conjurations
  2949 | D:3      | Found an opulent altar of Gozag.
  3322 | D:3      | Gained mutation: When hurt, damage is shared between your
                  | health and your magic reserves. [demonic ancestry]
  3322 | D:3      | Reached XP level 5. HP: 38/38 MP: 3/9
  3518 | D:4      | Noticed a phantom
  3529 | D:3      | Reached * piety under Vehumet
  3529 | D:3      | Offered knowledge of Shock by Vehumet.
  4209 | D:4      | Noticed Pikel
  4209 | D:4      | Noticed a lemure
  4209 | D:4      | Noticed a lemure
  4209 | D:4      | Noticed a lemure
  4209 | D:4      | Noticed a lemure
  4232 | D:3      | Killed a lemure
  4491 | D:4      | Gained mutation: You regenerate a little health from kills.
                  | [demonic ancestry]
  4491 | D:4      | Reached XP level 6. HP: 40/45 MP: 1/11
  4733 | D:3      | Killed Pikel
  4733 | D:3      | Reached skill level 1 in Short Blades
  4733 | D:3      | Reached XP level 7. HP: 13/52 MP: 2/13
  5388 | D:4      | Noticed Natasha
  5394 | D:4      | Killed Natasha
  5513 | D:4      | Found a snail-covered altar of Cheibriados.
  5872 | D:4      | Found an ancient bone altar of Kikubaaqudgha.
  6092 | D:4      | Noticed Sigmund
  6105 | D:4      | Killed Sigmund
  6105 | D:4      | Reached skill level 5 in Spellcasting
  6105 | D:4      | Reached XP level 8. HP: 55/60 MP: 12/15
  6247 | D:5      | Entered Level 5 of the Dungeon
  6314 | D:5      | Found a staircase to the Ecumenical Temple.
  6397 | D:5      | Found a glowing drain.
  6411 | Sewer    | Entered a sewer
  6975 | Sewer    | Reached ** piety under Vehumet
  7123 | D:5      | Learned a level 4 spell: Iskenderun's Mystic Blast
  7144 | D:5      | Found a sparkling altar of Nemelex Xobeh.
  7236 | D:5      | Offered knowledge of Sandblast by Vehumet.
  7982 | D:6      | Reached skill level 1 in Translocations
  8389 | D:6      | Reached XP level 9. HP: 49/66 MP: 6/18
  9062 | D:6      | Found a bloodstained altar of Trog.
  9309 | D:7      | Offered knowledge of Static Discharge by Vehumet.
  9464 | D:7      | Noticed a kobold demonologist
  9484 | D:7      | Noticed an ice devil
  9486 | D:7      | Killed a kobold demonologist
  9909 | D:7      | Reached *** piety under Vehumet
 10256 | D:7      | Reached skill level 5 in Fighting
 10706 | D:8      | Found a sand-covered staircase.
 10712 | Ossuary  | Entered an ossuary
 10777 | Ossuary  | Offered knowledge of Ignite Poison by Vehumet.
 11335 | D:8      | Gained mutation: You regenerate health from kills. [demonic
                  | ancestry]
 11335 | D:8      | Reached XP level 10. HP: 70/74 MP: 12/21
 12398 | D:9      | Reached **** piety under Vehumet
 12657 | D:9      | Offered knowledge of Airstrike by Vehumet.
 12663 | D:9      | Learned a level 4 spell: Airstrike
 12796 | D:9      | Identified Cuguat's Papyrus of Supportive Air
 13069 | D:9      | Found a glowing golden altar of the Shining One.
 13202 | D:9      | Found a stormy altar of Qazlal.
 13412 | D:10     | Entered Level 10 of the Dungeon
 13629 | D:10     | Reached skill level 1 in Air Magic
 13684 | D:9      | Learned a level 2 spell: Swiftness
 13685 | D:10     | Found a staircase to the Orcish Mines.
 14314 | D:10     | Noticed Sonja
 14317 | D:10     | Killed Sonja
 15160 | D:10     | Noticed Grum
 15163 | D:10     | Reached ***** piety under Vehumet
 15169 | D:10     | Killed Grum
 15270 | D:10     | Offered knowledge of Sticky Flame by Vehumet.
 16054 | D:10     | Killed an unseen horror
 16054 | D:10     | Gained mutation: You are partially covered in razor-sharp
                  | scales. (AC +1, Slay +1) [demonic ancestry]
 16054 | D:10     | Reached XP level 11. HP: 74/81 MP: 20/24
 16526 | D:11     | Found a staircase to the Lair.
 16643 | D:11     | Killed an unseen horror
 16643 | D:11     | Reached skill level 10 in Spellcasting
 17149 | D:11     | Reached skill level 1 in Staves
 17408 | D:11     | Found Ykiun's Weapon Shop.
 17868 | D:12     | Noticed an ettin
 17868 | D:12     | Noticed a tengu warrior
 17868 | D:12     | Noticed a frost giant
 17883 | D:12     | Killed an unseen horror
 17883 | D:12     | Reached skill level 10 in Conjurations
 17883 | D:12     | Reached skill level 5 in Translocations
 17910 | D:12     | Noticed Jorgrun
 17923 | D:12     | Found a flagged portal.
 17936 | D:12     | Mangled by a tengu warrior

Illustrated notes

Levels and vault maps discovered:
D:1:      ncdulo_smallfort, layout_loops_ring, nrook_campfire,
          minmay_pentomino_r4
D:2:      layout_rooms, marbit_many_paths, vehumet_crystals,
          gammafunk_temple_overflow_elements
D:3:      layout_loops_ring, lemuel_crystal_altar, lemuel_round_altar,
          nicolae_ru_great_annihilating_truth, chequers_ecumenical_altar_island
D:4:      layout_gridville, lemuel_round_altar, cheibriados_altar_1, uniq_pikel,
          uniq_natasha, uniq_sigmund
D:5:      layout_loops_cross, minmay_temple_entry_overgrown,
          gup_sewer_entry_pipe, nemelex_lonely_heart_becter
D:6:      layout_rooms, lightli_temple_of_fire, minmay_small_thing
D:7:      layout_gridville, st_stairs_9
D:8:      minmay_bubble_buster, layout_basic,
          lightli_ossuary_entry_decrepit_ruins
D:9:      layout_big_octagon, kennysheep_mini_moat,
          nicolae_tso_swordbearing_angel, serial_park_tiny_1,
          kennysheep_opposing_triangles
D:10:     layout_layer_cave, orc_0_dummy, uniq_sonja, uniq_grum
D:11:     layout_loops_ring, due_lair_maze_entry_diamond, serial_shops, shop,
          solitary_fountain
D:12:     kennysheep_four_of_diamonds, layout_cave_pools,
          gauntlet_entry_generic, enter_bailey_3, uniq_psyche, uniq_jorgrun

Skill      XL: |  1  2  3  4  5  6  7  8  9 10 11 |
---------------+----------------------------------+-----
Fighting       | 1 2 3 4 5 6 |  6.9
Dodging        | 2 3 4 |  4.3
Conjurations   | 5 6 7 9 10 | 10.0
Stealth        | 2 3 |  3.5
Spellcasting   | 3 4 5 6 7 9 10 | 10.2
Short Blades   | 1 2 |  2.3
Translocations | 1 3 4 5 |  5.0
Air Magic      | 3 4 |  4.6
Staves         | 1 |  1.7
Evocations     | |  0.1

Action                   |  1- 3 |  4- 6 |  7- 9 | 10-12 || total
-------------------------+-------+-------+-------+-------++-------
Melee: Unarmed           |    21 |       |       |       ||    21
       Headbutt          |     5 |     5 |    14 |     9 ||    33
       Dagger            |    16 |    37 |   128 |     7 ||   188
       Lajatang          |       |       |       |    59 ||    59
 Cast: Magic Dart        |    76 |    62 |   155 |    34 ||   327
       Searing Ray       |     3 |    11 |    53 |    11 ||    78
       Iskenderun's Myst |       |       |    57 |    76 ||   133
       Airstrike         |       |       |       |    79 ||    79
Evoke: Wand              |       |       |       |     3 ||     3
  Use: Scroll            |     2 |       |     5 |    10 ||    17
       Potion            |       |       |       |     7 ||     7
 Stab: Sleeping          |       |       |       |     1 ||     1
Armor: Robe              |    16 |     6 |    33 |    13 ||    68
       Animal skin       |       |       |       |    19 ||    19
Dodge: Dodged            |    33 |    30 |   114 |    84 ||   261
Block: Other             |       |       |    19 |    31 ||    50
       Reflection        |       |       |       |     3 ||     3

Table legend: (Time is in decaauts)
 A = Elapsed time spent in this place.
 B = Non-inter-level travel time spent in this place.
 C = Inter-level travel time spent in this place.
 D = Time resting spent in this place.
 E = Time spent auto-exploring this place.
 F = Levels seen in this place.
 G = Mean time per level.
                   A        B        C        D        E       F      G
               +--------+--------+--------+--------+--------+-----+--------+
         Total |  17983 |  17544 |    439 |   2658 |  12537 |  14 | 1284.5 |
       Dungeon |  16935 |  16496 |    439 |   2553 |  11878 |  12 | 1411.2 |
         Sewer |    671 |    671 |      0 |      0 |    555 |   1 |  671.0 |
       Ossuary |    376 |    376 |      0 |    105 |    103 |   1 |  376.0 |
               +--------+--------+--------+--------+--------+-----+--------+

Top non-repeatable levels by time:
    D:10: 3075 daAuts
     D:3: 2143 daAuts
     D:4: 1864 daAuts
     D:6: 1447 daAuts
     D:8: 1440 daAuts
     D:7: 1358 daAuts
     D:9: 1327 daAuts
     D:1: 1326 daAuts
    D:11: 1085 daAuts
     D:2: 919 daAuts
     D:5: 863 daAuts
   Sewer: 671 daAuts
 Ossuary: 376 daAuts
    D:12: 84 daAuts
